[Event "ETCC Women 2013"]
[Site "Warsaw"]
[Date "2013.11.11"]
[Round "4"]
[White "Stetsko, Lanita"]
[Black "Peng, Zhaoqin"]
[Result "1-0"]
[ECO "C41"]
[WhiteElo "2226"]
[BlackElo "2378"]
[PlyCount "95"]
[EventDate "2013.??.??"]
[EventCountry "POL"]
[WhiteTeam "Weißrussland"]
[BlackTeam "Niederlande"]
[WhiteTeamCountry "BLR"]
[BlackTeamCountry "NED"]
[TimeControl "40/5400+30:1800+30"]

1. e4 d6 2. d4 Nf6 3. Nc3 e5 4. Nf3 Nbd7 5. Bc4 Be7 6. O-O O-O 7. a4 c6 8. Re1 a5 9. Ba2 exd4 10. Nxd4 Nc5 11. h3 Qb6 12. Bb3 Nxb3 13.
Nxb3 Nd7 14. Be3 Qc7 15. Nd4 Nc5 16. Qh5 Bf6 17. Rad1 Bd7 18. f4 Rfe8 19. Bf2 Rad8 20. Re2 Ne6 21. Nxe6 Bxe6 22. Qf3 Bc4 23. Ree1 Ba6 24. Qg3 b6 25. e5 dxe5 26. Ne4 Be7 27. fxe5 Rxd1 28. Rxd1 Rd8 29. Nd6 c5 30. Rd2 Bc8 31. Be3 Be6 32. Bh6 Bf8 33. Bg5 Rd7 34. Ne8 Qc6 35. Nf6+ Kh8 36. Nxd7 Bxd7 37. Qd3 Be8 38. Qb5 h6 39. Qxc6 Bxc6 40.
Rd8 hxg5 41. Rxf8+ Kh7 42. Rxf7 Bxa4 43. b3 Bc6 44. Rc7 Be4 45. c4 Bc2 46. e6 Kg6 47. Rf7 Bxb3 48. Rf8 1-0

[Event "ETCC Women 2013"]
[Site "Warsaw"]
[Date "2013.11.11"]
[Round "4"]
[White "Yildiz, Betul Cemre"]
[Black "Zozulia, Anna"]
[Result "1-0"]
[ECO "A48"]
[WhiteElo "2291"]
[BlackElo "2334"]
[PlyCount "75"]
[EventDate "2013.??.??"]
[EventCountry "POL"]
[WhiteTeam "Türkei"]
[BlackTeam "Belgien"]
[WhiteTeamCountry "TUR"]
[BlackTeamCountry "BEL"]
[TimeControl "40/5400+30:1800+30"]

1. Nf3 Nf6 2. d4 g6 3. Nbd2 c5 4. c3 cxd4 5. cxd4 d5 6. e3 Bg7 7. Bd3 O-O 8. O-O Nc6 9. a3 a5 10. Nb3 b6 11. Ne5 Nxe5 12. dxe5 Ng4 13. f4 f6 14. exf6 Nxf6 15. Nd4 Qd6 16. Nb5 Qd7 17. Qb3 Bb7 18.
Bd2 Rfc8 19. Bc3 e6 20. Be5 a4 21. Qd1 Ba6 22. Nd4 Bxd3 23. Qxd3 Ne4 24. Bxg7 Kxg7 25. Qe2 Nd6 26. Rad1 Qf7 27. Nb5 Ne4 28. Rd4 Rc5 29. Rb4 Rac8 30. Nd4 Rc1 31. Rxb6 Kg8 32. Rxe6 Rxf1+ 33. Qxf1 Nd2 34. Qd3 Rc1+ 35. Kf2 Rd1 36. Ke2 Nb3 37. Kxd1 Nxd4 38. Re5 1-0

[Event "ETCC Women 2013"]
[Site "Warsaw"]
[Date "2013.11.11"]
[Round "4"]
[White "Unuk, Laura"]
[Black "Olsarova, Karolina"]
[Result "1-0"]
[ECO "E16"]
[WhiteElo "1991"]
[BlackElo "2275"]
[PlyCount "79"]
[EventDate "2013.??.??"]
[EventCountry "POL"]
[WhiteTeam "Slowenien"]
[BlackTeam "Tschechien"]
[WhiteTeamCountry "SLO"]
[BlackTeamCountry "CZE"]
[TimeControl "40/5400+30:1800+30"]

1. d4 Nf6 2. Nf3 e6 3. g3 b6 4. Bg2 Bb7 5. c4 Bb4+ 6. Nc3 O-O 7. O-O Bxc3 8. bxc3 d6 9. Bg5 Nbd7 10. Qd3 h6 11. Bxf6 Nxf6 12. Nd2 Bxg2 13. Kxg2 e5 14. f4 Re8 15. e4 Qd7 16. f5 c6 17. d5 cxd5 18.
cxd5 Rac8 19. Kh1 Rc5 20. Rf3 Rec8 21. g4 Qd8 22. Rg1 Nh7 23.
c4 R8c7 24. Qe3 Qh4 25. Rh3 Qg5 26. Qe2 Qd8 27. Rh5 f6 28. h4 Qe8 29. g5 fxg5 30. hxg5 Nxg5 31. Rgxg5 hxg5 32. Qh2 Kf7 33. Rh8 Qxh8 34. Qxh8 g4 35. Qd8 Rc8 36. Qd7+ Kf6 37. Qxd6+ Kg5 38. Qxe5 Kh4 39. Kg2 b5 40. Qxg7 1-0

[Event "ETCC Women 2013"]
[Site "Warsaw"]
[Date "2013.11.11"]
[Round "4"]
[White "Srebrnic, Ana"]
[Black "Kulovana, Eva"]
[Result "1-0"]
[ECO "D15"]
[WhiteElo "2198"]
[BlackElo "2263"]
[PlyCount "117"]
[EventDate "2013.??.??"]
[EventCountry "POL"]
[WhiteTeam "Slowenien"]
[BlackTeam "Tschechien"]
[WhiteTeamCountry "SLO"]
[BlackTeamCountry "CZE"]
[TimeControl "40/5400+30:1800+30"]

1. Nf3 d5 2. d4 Nf6 3. c4 c6 4. Nc3 a6 5. c5 Nbd7 6. Bf4 Nh5 7. Bd2 Nhf6 8.
Qc2 g6 9. g3 Bg7 10. Bg2 O-O 11. O-O e5 12. dxe5 Ng4 13. e4 dxe4 14. Nxe4 Ngxe5 15. Nxe5 Nxe5 16. Nd6 Qe7 17. Rfe1 Be6 18. Bc3 Ng4 19. Bxg7 Kxg7 20. f3 Nf6 21. Bh3 Nd5 22. Bxe6 fxe6 23. f4 b5 24. Re5 Rad8 25. Rae1 Rf6 26. Qe4 Qa7 27. Kh1 Qxc5 28. Nb7 Qb6 29. Nxd8 Qxd8 30. Rxe6 Rxe6 31. Qxe6 Qf6 32. Qxf6+ Kxf6 33.
Rc1 Ne7 34. Kg2 a5 35. Kf3 h5 36. Ke4 Ke6 37. Rc5 Kd6 38. Rg5 a4 39. b4 axb3 40. axb3 c5 41. h3 Kc6 42. Kd3 Kd6 43. g4 hxg4 44. hxg4 Kc6 45. Ke4 Kd6 46. Re5 Ng8 47. Rd5+ Kc6 48. Rg5 Ne7 49. f5 gxf5+ 50. gxf5 c4 51. f6 Nc8 52. b4 Kd7 53. Kd5 Nb6+ 54. Kc5 Na4+ 55. Kxb5 Nb2 56. Rc5 Ke6 57. Rxc4 Kxf6 58. Rd4 Ke7 59. Rd2 1-0

[Event "ETCC Women 2013"]
[Site "Warsaw"]
[Date "2013.11.11"]
[Round "4"]
[White "Sikorova, Olga"]
[Black "Orehek, Spela"]
[Result "1-0"]
[ECO "B08"]
[WhiteElo "2278"]
[BlackElo "2026"]
[PlyCount "75"]
[EventDate "2013.??.??"]
[EventCountry "POL"]
[WhiteTeam "Tschechien"]
[BlackTeam "Slowenien"]
[WhiteTeamCountry "CZE"]
[BlackTeamCountry "SLO"]
[TimeControl "40/5400+30:1800+30"]

1. Nf3 d6 2. d4 g6 3. e4 Bg7 4. Nc3 Nf6 5. h3 O-O 6. Be3 a6 7. a4 c5 8. dxc5 Qa5 9. Bd3 dxc5 10. O-O Nc6 11. Nd2 Nd4 12. Nc4 Qd8 13. e5 Ne8 14. a5 Be6 15.
Nb6 Rb8 16. f4 f6 17. Ne4 Qc7 18. c3 Nb3 19. Ra3 Nxa5 20. Rxa5 Qxb6 21. Rxc5 fxe5 22. fxe5 Rxf1+ 23. Qxf1 Bf5 24. Qe2 Qd8 25.
Bc4+ e6 26. Ng5 Qe7 27. g4 Bh6 28. gxf5 Bxg5 29. f6 Bxe3+ 30. Qxe3 Qd7 31. Qd4 Qxd4+ 32. cxd4 Kf7 33. d5 exd5 34. Rxd5 b5 35. Rd7+ Kf8 36. Bb3 Nxf6 37. exf6 h5 38. Rh7 1-0